 Dungeon Crawl Stone Soup version 0.30.1-11-g7821555f0a (webtiles) character file.

Game seed: 3407251635596806540

4 monsoonserge the Conjurer (level 1, 0/12 HPs)
             Began as a Tengu Reaver on Jan 9, 2024.
             Slain by a hobgoblin (2 damage)
             ... on level 1 of the Dungeon.
             The game lasted 00:00:21 (42 turns).

monsoonserge the Conjurer (Tengu Reaver)              Turns: 42, Time: 00:00:22

Health: 0/12       AC:  3    Str: 12    XL:     1   Next: 70%
Magic:  4/4        EV: 11    Int: 13    God:
Gold:   6          SH:  0    Dex: 12    Spells: 3/4 levels left

rFire   . . .        a - +0 mace
rCold   . . .        (no shield)
rNeg    . . .        b - +0 leather armour
rPois   .            (helmet restricted)
rElec   .            (no cloak)
rCorr   .            (no gloves)
SInv    .            (boots unavailable)
Will    .....        (no amulet)
Stlth   +            (no ring)
HPRegen 0.22/turn    (no ring)
MPRegen 0.09/turn

%: no passive effects
@: no status effects
A: beak, talons 3
a: no special abilities


You were on level 1 of the Dungeon.
You visited 1 branch of the dungeon, and saw 1 of its levels.

You collected 6 gold pieces.

Inventory:

Hand Weapons
 a - a +0 mace (weapon)
Armour
 b - a +0 leather armour (worn)


   Skills:
 + Level 2.0 Fighting
 + Level 3.4 Maces & Flails
 + Level 2.1 Dodging
 - Level 2.0 Spellcasting
 - Level 4.0 Conjurations
 - Level 1.0 Necromancy


You had 3 spell levels left.
You knew the following spells:

 Your Spells              Type           Power      Damage    Failure   Level
a - Kiss of Death         Conj/Necr      28%        2d7       12%         1

Your spell library contained the following spells:

 Spells                   Type           Power      Damage    Failure   Level
 Momentum Strike          Conj/Tloc      12%        3d8       22%         2
 Hailstorm                Conj/Ice       6%         3d4       38%         3


Dungeon Overview and Level Annotations

Branches:
Dungeon (1/15)

Altars:


Innate Abilities, Weirdness & Mutations

You have a beak for a mouth.
You have claws for feet.


Message History

You closely miss the ball python. Your peck misses the ball python.
The ball python barely misses you. The ball python constricts you.
The ball python barely misses you. The ball python constricts you.
You barely miss the ball python. The ball python bites you.
The ball python constricts you.
You hit the ball python.
You kill the ball python!
A bat comes into view.
Found a scroll labelled TIGIAR FAJIPE.
You see here a ball python corpse.
A bat is nearby!
A hobgoblin comes into view.
The hobgoblin shouts!
The bat barely misses you. The bat hits you.
You are too injured to fight recklessly!
You are too injured to fight recklessly!
You are too injured to fight recklessly!
You are too injured to fight recklessly!
You hit the bat.
The bat is moderately wounded.
The bat barely misses you. The bat misses you. The bat hits you.
You hit the bat but do no damage. Your peck misses the bat.
The bat is moderately wounded.
The bat hits you but does no damage. The bat closely misses you.
You hit the bat.
You kill the bat!
Training target 1.0 for Necromancy reached!
Your Necromancy skill increases to level 1!
The hobgoblin hits you.
* * * LOW HITPOINT WARNING * * *
You closely miss the hobgoblin.
You claw the hobgoblin, but do no damage.
You peck the hobgoblin.
The hobgoblin is moderately wounded.
The hobgoblin hits you but does no damage.
You barely miss the hobgoblin. Your peck misses the hobgoblin.
You punch the hobgoblin.
The hobgoblin is heavily wounded.
The hobgoblin hits you.
You die...

?..# ...# . ...#
.. ...#... .....#
##########...>.##
......g@.........
#########†##.#.#
##.....# #..#####
###.## ###....#
#..(##.+ #.###
##### #.# ~~~


You could see a hobgoblin.

Vanquished Creatures
  A ball python (D:1)
  A bat (D:1)
  An endoplasm (D:1)
  A frilled lizard (D:1)
4 creatures vanquished.

Notes
Turn   | Place    | Note
-------+----------+-------------------------------------------
     0 | D:1      | monsoonserge the Tengu Reaver began the quest for the Orb.
     0 | D:1      | Reached XP level 1. HP: 12/12 MP: 4/4
    40 | D:1      | Reached skill level 1 in Necromancy
    42 | D:1      | Slain by a hobgoblin

Illustrated notes

Levels and vault maps discovered:
D:1:      ncdulo_wetmaze, layout_rooms

Skill      XL: |  1 |
---------------+----+-----
Necromancy     | 1 |  1.0
Fighting       | |  2.0
Maces & Flails | |  3.4
Dodging        | |  2.1
Spellcasting   | |  2.0
Conjurations   | |  4.0

Action                     || total
---------------------------++-------
  Melee: Mace              ||    10
         Kick              ||     1
         Peck              ||     1
         Punch             ||     1
 Armour: Leather armour    ||     2
  Dodge: Dodged            ||     6
